 Dungeon Crawl Stone Soup version 0.27-a0-59-gfbafd837a3 (webtiles) character file.

Game seed: 827895415331939815

10973 Borgoz the Fighter (level 12, -1/132 HPs)
             Began as a Halfling Gladiator on Jan 8, 2021.
             Was a Priest of Ashenzari.
             Slain by a boulder beetle (17 damage)
             ... on level 11 of the Dungeon.
             The game lasted 00:20:17 (13276 turns).

Borgoz the Fighter (Halfling Gladiator)            Turns: 13276, Time: 00:20:18

Health: -1/132     AC: 26    Str: 18    XL:     12   Next: 1%
Magic:  12/14      EV:  3    Int:  6    God:    Ashenzari [***...]
Gold:   451        SH:  5    Dex: 18    Spells: 10/13 levels left

rFire    + . .     SeeInvis +   a - +3 rapier (flame) (curse)
rCold    + . .     Faith    +   A - +0 buckler
rNeg     + + +     Spirit   .   (armour currently unavailable)
rPois    +         Reflect  .   (helmet currently unavailable)
rElec    .         Harm     .   (cloak currently unavailable)
rCorr    .         Rampage  .   (gloves currently unavailable)
Will     .....     NoTele   +   (boots currently unavailable)
Stlth    ++........             k - amulet of faith
HPRegen  0.32/turn              l - ring of protection from fire (curse)
MPRegen  0.14/turn              O - ring of protection from cold

@: tree-form
A: small, mutation resistance 1
a: Renounce Religion, Curse Item, Scrying


You were on level 11 of the Dungeon.
You worshipped Ashenzari.
Ashenzari was most pleased with you.
You were a tree.
You visited 2 branches of the dungeon, and saw 12 of its levels.

You collected 804 gold pieces.
You spent 353 gold pieces at shops.

Inventory:

Hand Weapons
 a - a cursed +3 rapier of flaming (weapon)
 C - a cursed +4 scimitar
 E - a +0 rapier
 R - a +0 dagger of electrocution
Missiles
 d - 2 throwing nets (quivered)
Armour
 e - a +0 pair of boots (melded)
 i - a +0 pair of gloves (melded)
 q - a +4 ring mail of positive energy
 s - a +2 helmet (melded)
 t - a +0 chain mail of fire resistance
 w - a cursed +4 ring mail of willpower (melded)
 A - a +0 buckler (worn)
 N - +0 swamp dragon scales
Jewellery
 k - an amulet of faith (around neck)
 l - a cursed ring of protection from fire (left branch)
 n - an uncursed ring of protection from fire
 y - an uncursed amulet of guardian spirit
 F - an uncursed ring of magical power
 O - a ring of protection from cold (right branch)
Wands
 u - a wand of polymorph (11)
 x - a wand of flame (33)
 J - a wand of enslavement (13)
 K - a wand of disintegration (7)
 L - a wand of paralysis (5)
Scrolls
 c - 3 scrolls of remove curse
 g - 5 scrolls of teleportation
 h - a scroll of magic mapping
 p - a scroll of fog
 v - a scroll of torment {unknown}
 B - a scroll of summoning {unknown}
 D - a scroll of amnesia
 H - 3 scrolls of enchant armour {unknown}
 M - a scroll of silence {unknown}
 Q - a scroll of vulnerability {unknown}
Potions
 j - 2 potions of brilliance {unknown}
 m - 2 potions of flight
 o - a potion of haste
 r - a potion of magic {unknown}
 z - 2 potions of lignification
 G - 2 potions of ambrosia {unknown}
 I - a potion of berserk rage {unknown}
 P - a potion of cancellation {unknown}


   Skills:
 * Level 10.5 Fighting
 + Level 10.2(12.9) Short Blades
 - Level 2.0 Throwing
 + Level 8.7 Armour
 + Level 9.4 Dodging
 + Level 1.4 Spellcasting
 + Level 1.7 Hexes


You had 10 spell levels left.
You knew the following spells:

 Your Spells              Type           Power        Failure   Level
a - Confusing Touch       Hex            2%           71%         3

Your spell library contained the following spells:

 Spells                   Type           Power        Failure   Level
 Magic Dart               Conj           0%           58%         1
 Searing Ray              Conj           0%           73%         2
 Dazzling Flash           Conj/Hex       2%           83%         3
 Gell's Gravitas          Tloc           0%           91%         3
 Fulminant Prism          Conj/Hex       0%           99%         4
 Iskenderun's Mystic Bla  Conj/Tloc      0%           100%        4
 Petrify                  Tmut/Erth      0%           100%        4
 Metabolic Englaciation   Hex/Ice        0%           100%        5
 Yara's Violent Unravell  Hex/Tmut       0%           100%        5


Dungeon Overview and Level Annotations

Branches:
Dungeon (11/15)            Temple (1/1) D:5            Lair (0/6) D:9
    Orc (0/2) D:9

Altars:
Ashenzari
Cheibriados
Dithmenos
Elyvilon
Fedhas
Gozag
Hepliaklqana
Kikubaaqudgha
Makhleb
Nemelex Xobeh
Okawaru
Qazlal
Ru
Sif Muna
Trog
Uskayaw
Vehumet
Wu Jian
Xom
Yredelemnul
Zin
The Shining One
Beogh

Shops:
D:6 *?*=[   D:8 [


Innate Abilities, Weirdness & Mutations

You are small and have problems with some larger weapons.
You are somewhat resistant to further mutation.


Message History

You puncture the manticore! You burn the manticore.
You kill the manticore!
You have reached level 12!
Your experience leads to an increase in your attributes!
Increase (S)trength, (I)ntelligence, or (D)exterity?
You feel stronger.
The boulder beetle curls into a ball and begins rolling!
The boulder beetle hits you!!
* * * LOW HITPOINT WARNING * * *
The boulder beetle stops rolling and uncurls.
You hit the boulder beetle. You burn the boulder beetle.
The boulder beetle is moderately wounded.
You feel better. You block the boulder beetle's attack.
You completely miss the boulder beetle.
The boulder beetle is moderately wounded.
The boulder beetle bites you but does no damage.
You hit the boulder beetle but do no damage.
The boulder beetle is moderately wounded.
The boulder beetle bites you!
You die...

.######)##### #.........#* ##
#.# * +.........# # #.#
**#.....<...# #.##
######...## #..# #####..##
#####'## #........ ###......#
#........# ##.(......#
#######........# ,
#..#(.)...# #...♣B'........#
*,
..##......###.#####...)....#,
.###......'...# #........ .#
#......##### #........ ##
#......# #........* #>.....#
#####+### #####+## * * , * ,
, ,


You could see a boulder beetle.

Vanquished Creatures
  A two-headed ogre (D:10)
  An unseen horror (D:10)
  An ugly thing (D:11)
  A manticore (D:11)
  A cyclops (D:11)
  2 gargoyles
  Maggie (D:9)
  A komodo dragon (D:9)
  A troll (D:7)
  Grinder (D:4)
  A shadow (D:7)
  Sigmund (D:3)
  Edmund (D:5)
  Duvessa (D:6)
  3 orc warriors
  4 ice beasts
  3 black bears
  An eye of draining (D:10)
  2 sky beasts
  7 ogres
  2 necrophages
  11 centaurs
  2 big kobolds
  Blork the orc (D:5)
  2 bullfrogs
  2 gnoll sergeants
  A wyvern zombie (D:6)
  Dowan (D:6)
  A water moccasin skeleton (D:5)
  5 scorpions
  13 wights
  6 killer bees (D:9)
  3 howler monkeys
  6 jellies
  A quasit (D:7)
  4 bullfrog zombies
  7 hounds
  8 orc priests
  10 orc wizards
  2 bullfrog skeletons
  2 gnoll shamans (D:6)
  3 iguanas
  13 worker ants
  2 hound zombies
  2 hound skeletons
  11 gnolls
  14 adders
  2 shadow imps (D:7)
  3 white imps
  An ufetubus (D:9)
  5 oozes
  2 adder skeletons
  A worm (D:4)
  8 leopard geckos
  52 orcs
  5 bats (D:1)
  4 giant cockroaches
  8 goblins
  14 hobgoblins
  13 jackals
  23 kobolds
  4 quokkas
  A ball python (D:3)
  7 frilled lizards
  2 leopard gecko zombies
  3 rats
328 creatures vanquished.

Vanquished Creatures (others)
  2 plants (D:6)
2 creatures vanquished.

Grand Total: 330 creatures vanquished

Notes
Turn   | Place    | Note
-------+----------+-------------------------------------------
     0 | D:1      | Borgoz the Halfling Gladiator began the quest for the Orb.
     0 | D:1      | Reached XP level 1. HP: 14/14 MP: 1/1
    22 | D:1      | Reached XP level 2. HP: 14/19 MP: 2/2
   270 | D:1      | Reached skill level 1 in Armour
   270 | D:1      | Reached XP level 3. HP: 21/25 MP: 3/3
   783 | D:1      | Reached XP level 4. HP: 30/30 MP: 4/4
   974 | D:2      | Found a sacrificial altar of Ru.
  1537 | D:2      | Found a glowing silver altar of Zin.
  1696 | D:3      | Noticed Sigmund
  1726 | D:3      | Killed Sigmund
  1727 | D:3      | Reached XP level 5. HP: 19/37 MP: 5/5
  1727 | D:3      | Reached XP level 6. HP: 22/43 MP: 6/6
  1974 | D:4      | Reached skill level 5 in Short Blades
  2294 | D:4      | Reached XP level 7. HP: 46/48 MP: 7/7
  2629 | D:4      | Noticed Grinder
  2629 | D:4      | Paralysed by Grinder for 7 turns
  2650 | D:4      | Paralysed by Grinder for 3 turns
  2673 | D:4      | Paralysed by Grinder for 7 turns
  2682 | D:4      | Killed Grinder
  2683 | D:4      | Reached skill level 5 in Fighting
  2683 | D:4      | Reached skill level 5 in Dodging
  2683 | D:4      | Reached XP level 8. HP: 8/55 MP: 8/8
  4134 | D:5      | Entered Level 5 of the Dungeon
  4160 | D:5      | Found a bloodstained altar of Trog.
  4160 | D:5      | Found a burning altar of Makhleb.
  4163 | D:5      | Found a glowing golden altar of the Shining One.
  4163 | D:5      | Found a shimmering blue altar of Sif Muna.
  4164 | D:5      | Found a stormy altar of Qazlal.
  4164 | D:5      | Found a sparkling altar of Nemelex Xobeh.
  4511 | D:5      | Found a staircase to the Ecumenical Temple.
  4536 | Temple   | Entered the Ecumenical Temple
  4619 | Temple   | Became a worshipper of Ashenzari the Shackled
  4703 | D:5      | Noticed Edmund
  4753 | D:5      | Killed Edmund
  4874 | D:5      | Reached XP level 9. HP: 54/62 MP: 9/9
  5073 | D:5      | Noticed Blork the orc
  5086 | D:5      | Killed Blork the orc
  5087 | D:5      | Reached skill level 5 in Armour
  5359 | D:5      | Learned a level 3 spell: Confusing Touch
  5552 | D:6      | Found Vot Vopp's Armour Shop.
  5555 | D:6      | Bought a +0 buckler for 63 gold pieces
  5644 | D:6      | Found Guitud's Magic Scroll Boutique.
  5654 | D:6      | Bought a scroll of brand weapon for 220 gold pieces
  5654 | D:6      | Bought a scroll of identify for 22 gold pieces
  5654 | D:6      | Bought a scroll of identify for 22 gold pieces
  5705 | D:6      | Found Ejudea's Assorted Antiques.
  5713 | D:6      | Bought a ruby potion for 26 gold pieces
  5869 | D:6      | Found Eqepniq's Jewellery Boutique.
  5908 | D:6      | Noticed Duvessa
  5913 | D:6      | Noticed Dowan
  5922 | D:6      | Killed Duvessa
  5931 | D:6      | Found Duxonkul's General Store.
  5934 | D:6      | Killed Dowan
  6623 | D:6      | Reached XP level 10. HP: 44/72 MP: 10/10
  7000 | D:6      | Reached * piety under Ashenzari
  8465 | D:8      | Found Daom's Antique Armour Shoppe.
  8556 | D:8      | Reached ** piety under Ashenzari
  9081 | D:9      | Found a staircase to the Orcish Mines.
  9216 | D:9      | Noticed a gargoyle
  9258 | D:9      | Killed a gargoyle
  9410 | D:9      | Found a staircase to the Lair.
  9433 | D:9      | Noticed Maggie
  9453 | D:9      | Killed Maggie
  9454 | D:9      | Reached XP level 11. HP: 80/80 MP: 11/11
  9497 | D:9      | Found an ancient bone altar of Kikubaaqudgha.
 10258 | D:9      | Found a roughly hewn altar of Beogh.
 10469 | D:9      | Found a burning altar of Makhleb.
 10469 | D:9      | Noticed a balrug
 10634 | D:9      | Found an ornate altar of the Wu Jian Council.
 10712 | D:10     | Entered Level 10 of the Dungeon
 10903 | D:10     | Killed an unseen horror
 10904 | D:10     | Reached skill level 10 in Fighting
 11822 | D:10     | Reached skill level 10 in Short Blades
 11828 | D:10     | Noticed a two-headed ogre
 11836 | D:10     | Killed a two-headed ogre
 11837 | D:10     | Reached skill level 1 in Hexes
 12656 | D:11     | Noticed a cyclops
 12673 | D:11     | Killed a cyclops
 12674 | D:11     | Reached skill level 1 in Spellcasting
 12816 | D:11     | Reached *** piety under Ashenzari
 12982 | D:11     | Noticed a brown ugly thing
 13024 | D:11     | Killed a brown ugly thing
 13238 | D:11     | Noticed a boulder beetle
 13238 | D:11     | Noticed a manticore
 13270 | D:11     | Killed a manticore
 13271 | D:11     | Reached XP level 12. HP: 26/88 MP: 12/14
 13276 | D:11     | Slain by a boulder beetle

Illustrated notes

Levels and vault maps discovered:
D:1:      amcnicky_arrival_choice, layout_loops_ring
D:2:      layout_loops_ring, zin_statuary, serial_park_tiny_2, minivault_19,
          nicolae_ru_great_annihilating_truth
D:3:      layout_rooms, st_stairs_6, uniq_sigmund
D:4:      black_bear_nest_2, layout_basic, uniq_grinder
D:5:      layout_basic, grunt_temple_overflow_open,
          minmay_temple_entry_drinking_statues, uniq_edmund, uniq_blork_the_orc
D:6:      kennysheep_housing_project, layout_basic, serial_shops,
          kennysheep_mini_moat, shop, shop, nicolae_shop_trees,
          nicolae_shop_stone, uniq_duvessa
D:7:      minmay_opposing_rooms, layout_rooms
D:8:      layout_gridville, serial_shops, shop, chequers_decorated_corner
D:9:      layout_basic, nicolae_overflow_hidden_temple,
          overflow_temple_1_default, lair_entry_dummy,
          minmay_orc_entry_temple_small, makhleb_altar_promises_db, uniq_maggie
D:10:     layout_loops_corners, kennysheep_small_spiral
D:11:     layout_roguey, nemelex_diamond_rough_becter
Temple:   nicolae_temple_x_marks_the_god

Skill      XL: |  1  2  3  4  5  6  7  8  9 10 11 |
---------------+----------------------------------+-----
Fighting       | 2 3 4 5 6 7 9 10 | 10.5
Armour         | 1 2 3 4 6 7 8 |  8.7
Short Blades   | 4 5 6 7 9 10 | 10.2
Dodging        | 4 5 6 7 8 9 |  9.4
Hexes          | 1 |  1.7
Spellcasting   | 1 |  1.4
Throwing       | |  2.0

Action                   |  1- 3 |  4- 6 |  7- 9 | 10-12 || total
-------------------------+-------+-------+-------+-------++-------
Melee: Rapier            |    65 |   106 |   537 |   805 ||  1513
Throw: Throwing net      |       |     2 |     2 |     4 ||     8
Invok: Curse Item        |       |       |     3 |       ||     3
  Use: Scroll            |     4 |       |    12 |     4 ||    20
       Potion            |       |     3 |     4 |     5 ||    12
 Stab: Sleeping          |     2 |     4 |       |       ||     6
       Distracted        |       |     1 |       |       ||     1
       Paralysed         |       |     1 |       |       ||     1
       Held in net/web   |       |       |     1 |     7 ||     8
Armor: Leather armour    |    11 |     5 |       |       ||    16
       Ring mail         |       |    30 |   161 |   170 ||   361
       Skin              |       |       |       |    12 ||    12
Dodge: Dodged            |    64 |   103 |   392 |   540 ||  1099
Block: Buckler           |       |       |    42 |   181 ||   223

Table legend: (Time is in decaauts)
 A = Elapsed time spent in this place.
 B = Non-inter-level travel time spent in this place.
 C = Inter-level travel time spent in this place.
 D = Time resting spent in this place.
 E = Time spent auto-exploring this place.
 F = Levels seen in this place.
 G = Mean time per level.
                   A        B        C        D        E       F      G
               +--------+--------+--------+--------+--------+-----+--------+
         Total |  12961 |  12542 |    419 |   3932 |   6180 |  12 | 1080.1 |
       Dungeon |  12821 |  12421 |    400 |   3932 |   6067 |  11 | 1165.5 |
        Temple |    140 |    121 |     19 |      0 |    113 |   1 |  140.0 |
               +--------+--------+--------+--------+--------+-----+--------+

Top non-repeatable levels by time:
    D:10: 1848 daAuts
     D:4: 1766 daAuts
     D:6: 1664 daAuts
     D:9: 1562 daAuts
     D:5: 1172 daAuts
     D:1: 942 daAuts
     D:7: 940 daAuts
     D:8: 916 daAuts
     D:2: 710 daAuts
     D:3: 699 daAuts
    D:11: 598 daAuts
  Temple: 140 daAuts
